SCURSCUM, neutral female scurrid Tourist -------------------------------- |..............................| | ------+--------------..----- | +..+ |..| |..| |..----- | |........| |.------ | -.-..%)| .....|.._)| +----------- SCURSCUM the Sightseer Experience level: 4 Strength: 13 Dexterity: 11 Constitution: 14 Intelligence: 14 Wisdom: 9 Charisma: 14 Health: 0(31) Energy: 12(12) Def: 0 Gold: 669 Moves: 577 Dungeon seed: vxzMIuca1gCa7Y3m Game ID: SCURSCUM_1498707465 Your Inventory: Coins $ - 669 gold pieces Weapons a - 34 uncursed +2 darts (in quiver) x - 11 uncursed +0 darts Armor e - an uncursed +0 Hawaiian shirt (being worn) Comestibles b - an uncursed pear c - an uncursed orange d - an uncursed fortune cookie f - 6 uncursed food rations g - 3 uncursed eggs Scrolls i - 4 uncursed scrolls of magic mapping q - a cursed scroll of remove curse s - an uncursed scroll of identify Potions o - an uncursed potion of hallucination u - a blessed potion of object detection Rings p - an uncursed ring of shock resistance A - an uncursed ring of warning Tools j - an uncursed expensive camera (0:81) k - an uncursed credit card v - an uncursed mirror E - an uncursed towel Spells and supernatural/magical abilities: Name Level Category Fail Memory W - pray for help -- divine ? -- Your skills at the end: Miscellaneous Skills wands [Basic] stealth [Basic] Weapon Skills dart [Basic] Spellcasting Skills Final Attributes: You were fervently aligned. You were blinded. You had infravision. You were very stealthy. You are dead. Vanquished creatures: a wood nymph a gnome lord 3 dwarves 2 hobbits a large kobold a gecko a giant rat 5 gnomes a jackal a newt a lichen 18 creatures vanquished. Voluntary challenges: You followed a strict vegan diet. You did not adorn yourself with jewelry or accessories. You did not cause conflict. You were not invisible. You did not have reflection. You were not displaced. You were an atheist. You never hit with a wielded weapon. You did not use tools. You did not use sinks. You were illiterate. You never genocided any monsters. You never polymorphed an object. You never changed form. You used no wishes. You never split a pudding. You never wrote Elbereth's name. You violated your moral code, losing 5 points of alignment, starting on turn 577. Dungeon overview: The Dungeons of Doom: levels 1 to 3 Level 1 a long staircase Level 2 a weapon shop, a sink Level 3 stairs to The Gnomish Mines The Gnomish Mines: levels 4 to 6 Level 4 stairs to The Dungeons of Doom Level 5 Level 6 <- You were here a temple to The Lady History has recorded: On T:1 you entered the Dungeons of Doom to retrieve the Amulet of Yendor! On T:202 you reached level 2 of The Dungeons of Doom. On T:250 you reached level 3 of The Dungeons of Doom. On T:325 you advanced to experience level 2. On T:427 you reached level 1 of The Gnomish Mines. On T:434 you reached level 2 of The Gnomish Mines. On T:438 you advanced to experience level 3. On T:487 you advanced to experience level 4. On T:542 you reached level 3 of The Gnomish Mines. On T:566 you entered the Minetown temple Score breakdown: Gold: 0 ( 0 points) Experience: 4 levels ( 300 points) Exploration: 6 levels ( 150 points) Discoveries: 8 items ( 400 points) Variety of kills: 11 monsters ( 550 points) Major goal: reached Minetown ( 500 points) Survival: died (score multiplied by 3) Total score: 5700 Latest messages: a - an uncursed +2 dart (in quiver). u - a puce potion. There are a few more objects here. v - a looking glass. The gnomish wizard turns to flee! The dart hits it. The dart hits it. The dart hits it. You hesitate for a moment, bothered by your conscience. The priest of The Lady gets angry! The dart hits it. The Lady roars: "Thou dost profane my shrine!" The bolt of lightning hits you! Your wand of secret door detection breaks apart and explodes! You are blinded by the flash! The bolt of lightning hits you! You die... Final status: Aloha SCURSCUM the Tourist, killed by a bolt of lightning... You died in The Gnomish Mines on dungeon level 6 with 5700 points, and 669 pieces of gold, after 577 moves. You were level 4 with a maximum of 31 hit points when you died.